General information
- name: BNet
- type: Ladder team game (AT/RT)
- host: Battle.net
- saver: SoIblot
map: MarketSquare
- players: 8
- length: 40:53
- speed: Fast
- version: 1.26 W3XP
- replay type: Public
» download(239 KB)
Players
team 1 (winner)

»
Snake_Charmer (
red | 39 APM | 1577 actions | 40:53)
5 Death Knight
3 Death Coil
2 Unholy Aura
4 Lich
2 Frost Nova
2 Frost Armor
3 Naga Sea Witch
2 Frost Arrows
1 Forked Lightning
» actions
| Assign group hotkey | 14 | |
| Basic commands | 111 | |
| Build / train | 81 | |
| Enter build submenu | 25 | |
| Enter hero's abilities submenu | 13 | |
| Give item / drop item | 1 | |
| Remove unit from queue | 3 | |
| Right click | 786 | |
| Select / deselect | 322 | |
| Select group hotkey | 138 | |
| Use ability | 83 | |
1577 total
» units
| Acolyte | 12 | |
| Ghoul | 3 | |
| Crypt Fiend | 13 | |
| Obsidian Statue | 10 | |
| Abomination | 3 | |
41 total
» upgrades
| Creature Attack | 3 | |
| Web | 1 | |
| Creature Carapace | 3 | |
| Destroyer Form | 1 | |
| Burrow | 1 | |
| Unholy Strength | 2 | |
| Disease Cloud | 1 | |
| Unholy Armor | 1 | |
13 total
» buildings
| Crypt | 1 | |
| Altar of Darkness | 1 | |
| Ziggurat | 8 | |
| Graveyard | 1 | |
| Tomb of Relics | 2 | |
| Halls of the Dead | 1 | |
| Slaughterhouse | 2 | |
| Black Citadel | 1 | |
| Necropolis | 1 | |
18 total
» build order
00:08 Crypt
00:18 Altar of Darkness
00:35 Ziggurat
01:01 Graveyard
01:27 Tomb of Relics
01:56 Ziggurat
03:53 Halls of the Dead
04:37 Ziggurat
06:22 Ziggurat
07:26 Slaughterhouse
08:45 Black Citadel
10:56 Ziggurat
10:59 Ziggurat
11:26 Necropolis
11:30 Tomb of Relics
12:35 Ziggurat
16:46 Ziggurat
21:15 Slaughterhouse
» items
| Rod of Necromancy | 1 | |
| Orb of Corruption | 1 | |
| Scroll of Town Portal | 1 | |
| Potion of Healing | 2 | |
| Potion of Mana | 2 | |
7 total
mixell (
pink | 56 APM | 1761 actions | 31:34)
5 Blademaster
1 Mirror Image
2 Wind Walk
2 Critical Strike
4 Naga Sea Witch
2 Frost Arrows
2 Forked Lightning
» actions
| Assign group hotkey | 46 | |
| Basic commands | 4 | |
| Build / train | 64 | |
| ESC pressed | 3 | |
| Enter build submenu | 24 | |
| Enter hero's abilities submenu | 9 | |
| Give item / drop item | 1 | |
| Right click | 628 | |
| Select / deselect | 263 | |
| Select group hotkey | 664 | |
| Use ability | 55 | |
1761 total
» units
| Peon | 13 | |
| Grunt | 3 | |
| Tauren | 7 | |
| Shaman | 10 | |
| Troll Witch Doctor | 3 | |
36 total
» upgrades
| Armor | 3 | |
| Shaman Training | 2 | |
| Pulverize | 1 | |
| Ranged Weapons | 1 | |
| Melee Weapons | 3 | |
| Witch Doctor Training | 2 | |
12 total
» buildings
| Orc Burrow | 12 | |
| Altar of Storms | 1 | |
| Barracks | 1 | |
| Voodoo Lounge | 2 | |
| Stronghold | 2 | |
| War Mill | 1 | |
| Fortress | 1 | |
| Spirit Lodge | 1 | |
| Tauren Totem | 2 | |
| Great Hall | 2 | |
25 total
» build order
00:37 Orc Burrow
01:24 Altar of Storms
01:38 Barracks
01:42 Orc Burrow
02:03 Voodoo Lounge
03:02 Stronghold
04:32 Orc Burrow
04:36 War Mill
05:27 Fortress
06:05 Spirit Lodge
06:40 Orc Burrow
07:57 Tauren Totem
08:02 Tauren Totem
08:20 Orc Burrow
11:57 Orc Burrow
14:34 Orc Burrow
19:11 Orc Burrow
22:57 Great Hall
25:09 Great Hall
26:53 Voodoo Lounge
26:57 Orc Burrow
28:02 Orc Burrow
29:30 Orc Burrow
30:04 Orc Burrow
30:17 Stronghold
» items
| Healing Salve | 1 | |
| Orb of Lightning | 1 | |
2 total
scron2 (
purple | 68 APM | 2068 actions | 30:35)
6 Dreadlord
2 Vampiric Aura
3 Carrion Swarm
1 Inferno
4 Death Knight
2 Death Coil
2 Unholy Aura
4 Lich
2 Frost Nova
2 Dark Ritual
» actions
| Assign group hotkey | 30 | |
| Basic commands | 17 | |
| Build / train | 70 | |
| Enter build submenu | 29 | |
| Enter hero's abilities submenu | 14 | |
| Give item / drop item | 18 | |
| Right click | 974 | |
| Select / deselect | 239 | |
| Select group hotkey | 576 | |
| Use ability | 101 | |
2068 total
» units
| Acolyte | 10 | |
| Ghoul | 7 | |
| Frost Wyrm | 3 | |
| Gargoyle | 1 | |
21 total
» upgrades
| Ghoul Frenzy | 1 | |
| Creature Carapace | 1 | |
| Freezing Breath | 1 | |
| Creature Attack | 1 | |
4 total
» buildings
| Crypt | 2 | |
| Ziggurat | 12 | |
| Altar of Darkness | 1 | |
| Halls of the Dead | 2 | |
| Necropolis | 6 | |
| Tomb of Relics | 1 | |
| Graveyard | 1 | |
| Black Citadel | 1 | |
| Sacrificial Pit | 1 | |
| Boneyard | 2 | |
| Spirit Tower | 10 | |
39 total
» build order
00:06 Crypt
00:08 Ziggurat
00:33 Altar of Darkness
00:59 Crypt
01:38 Ziggurat
02:40 Halls of the Dead
03:43 Necropolis
04:11 Tomb of Relics
04:30 Graveyard
04:33 Ziggurat
05:22 Black Citadel
05:53 Sacrificial Pit
07:35 Ziggurat
07:37 Ziggurat
08:43 Boneyard
09:01 Spirit Tower
10:51 Boneyard
14:47 Spirit Tower
14:48 Spirit Tower
14:49 Spirit Tower
16:16 Necropolis
16:49 Ziggurat
16:50 Ziggurat
17:06 Necropolis
17:11 Necropolis
17:20 Necropolis
20:30 Halls of the Dead
26:24 Ziggurat
26:26 Ziggurat
26:27 Ziggurat
26:42 Spirit Tower
26:47 Spirit Tower
27:21 Spirit Tower
27:23 Spirit Tower
28:24 Spirit Tower
28:25 Spirit Tower
29:09 Necropolis
30:08 Ziggurat
30:10 Ziggurat
» items
| Potion of Healing | 1 | |
| Potion of Mana | 2 | |
| Boots of Speed | 3 | |
| Scroll of Town Portal | 3 | |
| Orb of Corruption | 1 | |
| Potion of Invisibility | 1 | |
| Staff of Teleportation | 1 | |
| Periapt of Vitality | 1 | |
| Circlet of Nobility | 1 | |
| Scroll of Healing | 1 | |
15 total
SoIblot (
teal | 140 APM | 5721 actions | 40:53)
5 Pit Lord
3 Rain of Fire
2 Howl of Terror
» actions
| Assign group hotkey | 72 | |
| Basic commands | 268 | |
| Build / train | 241 | |
| ESC pressed | 3 | |
| Enter build submenu | 72 | |
| Enter hero's abilities submenu | 5 | |
| Give item / drop item | 8 | |
| Right click | 1015 | |
| Select / deselect | 523 | |
| Select group hotkey | 3311 | |
| Use ability | 203 | |
5721 total
» units
| Peasant | 25 | |
| Footman | 7 | |
| Dragonhawk Rider | 8 | |
| Gryphon Rider | 8 | |
48 total
» upgrades
| Defend | 1 | |
| Masonry | 3 | |
| Swords | 3 | |
| Armor | 3 | |
| Lumber Harvesting | 2 | |
| Cloud | 1 | |
| Storm Hammers | 1 | |
| Animal War Training | 1 | |
| Magic Sentry | 1 | |
| Backpack | 1 | |
| Plating | 3 | |
| Gunpowder | 3 | |
| Sorceress Training | 2 | |
| Priest Training | 2 | |
| Control Magic | 1 | |
| Long Rifles | 1 | |
| Spiked Barricades | 1 | |
30 total
» buildings
| Altar of Kings | 1 | |
| Barracks | 1 | |
| Farm | 13 | |
| Arcane Vault | 2 | |
| Town Hall | 3 | |
| Lumber Mill | 1 | |
| Scout Tower | 39 | |
| Guard Tower | 77 | |
| Arcane Tower | 8 | |
| Keep | 3 | |
| Blacksmith | 1 | |
| Castle | 6 | |
| Gryphon Aviary | 5 | |
| Arcane Sanctum | 1 | |
161 total
» build order
00:10 Altar of Kings
00:13 Barracks
00:23 Farm
01:02 Farm
01:39 Farm
03:02 Arcane Vault
04:02 Town Hall
04:28 Farm
04:55 Lumber Mill
05:57 Scout Tower
05:58 Scout Tower
05:59 Scout Tower
06:02 Scout Tower
06:36 Guard Tower
06:36 Guard Tower
06:59 Arcane Tower
06:59 Arcane Tower
07:33 Scout Tower
07:34 Scout Tower
07:36 Keep
07:37 Keep
07:45 Blacksmith
07:50 Scout Tower
08:43 Guard Tower
08:43 Guard Tower
08:46 Guard Tower
08:46 Guard Tower
09:13 Farm
10:25 Castle
10:25 Castle
10:25 Castle
10:27 Gryphon Aviary
10:51 Guard Tower
10:51 Guard Tower
10:55 Guard Tower
10:55 Guard Tower
10:55 Guard Tower
10:58 Gryphon Aviary
11:02 Gryphon Aviary
11:05 Gryphon Aviary
11:14 Gryphon Aviary
12:12 Farm
12:15 Farm
12:17 Scout Tower
12:20 Farm
12:24 Farm
12:25 Farm
12:44 Guard Tower
12:44 Guard Tower
12:45 Guard Tower
14:12 Town Hall
14:20 Scout Tower
14:22 Scout Tower
14:23 Scout Tower
14:24 Scout Tower
14:42 Arcane Sanctum
14:55 Guard Tower
14:55 Guard Tower
15:08 Guard Tower
15:31 Scout Tower
15:33 Scout Tower
15:35 Scout Tower
15:37 Scout Tower
15:40 Scout Tower
17:07 Scout Tower
17:08 Scout Tower
17:09 Scout Tower
17:11 Scout Tower
17:19 Scout Tower
17:21 Scout Tower
17:23 Scout Tower
17:26 Scout Tower
17:32 Scout Tower
17:33 Scout Tower
17:36 Guard Tower
17:36 Guard Tower
17:36 Guard Tower
17:39 Guard Tower
17:39 Guard Tower
17:39 Guard Tower
17:46 Guard Tower
17:46 Guard Tower
17:52 Scout Tower
17:53 Scout Tower
17:54 Scout Tower
17:55 Scout Tower
17:57 Scout Tower
18:02 Arcane Tower
18:02 Arcane Tower
18:02 Arcane Tower
18:03 Guard Tower
18:03 Guard Tower
18:04 Guard Tower
18:04 Guard Tower
18:04 Guard Tower
18:05 Guard Tower
18:21 Scout Tower
18:23 Scout Tower
18:26 Scout Tower
18:28 Scout Tower
18:31 Guard Tower
18:32 Guard Tower
18:32 Guard Tower
18:34 Arcane Tower
18:34 Arcane Tower
18:35 Arcane Tower
18:40 Guard Tower
18:40 Guard Tower
18:41 Guard Tower
18:50 Guard Tower
19:09 Guard Tower
19:09 Guard Tower
19:09 Guard Tower
19:20 Guard Tower
19:23 Guard Tower
19:23 Guard Tower
19:26 Guard Tower
19:26 Guard Tower
19:36 Guard Tower
19:47 Guard Tower
19:48 Guard Tower
20:00 Scout Tower
20:01 Scout Tower
23:12 Guard Tower
23:12 Guard Tower
23:12 Guard Tower
26:41 Farm
26:44 Farm
26:45 Farm
31:29 Arcane Vault
31:32 Scout Tower
33:24 Town Hall
» items
| Scroll of Regeneration | 7 | |
| Boots of Speed | 1 | |
| Staff of Teleportation | 1 | |
| Periapt of Vitality | 1 | |
| Potion of Invisibility | 4 | |
| Lesser Clarity Potion | 3 | |
| Scroll of Town Portal | 3 | |
| Potion of Healing | 2 | |
| Ivory Tower | 7 | |
| Orb of Corruption | 2 | |
| Potion of Mana | 1 | |
32 total
team 2 (loser)

»
UndurpantsGnome (
green | 45 APM | 959 actions | 21:17)
4 Death Knight
2 Death Coil
2 Unholy Aura
3 Pit Lord
2 Howl of Terror
1 Cleaving Attack
3 Dark Ranger
2 Silence
1 Life Drain
» actions
| Assign group hotkey | 11 | |
| Build / train | 53 | |
| Enter build submenu | 23 | |
| Enter hero's abilities submenu | 10 | |
| Right click | 349 | |
| Select / deselect | 168 | |
| Select group hotkey | 286 | |
| Use ability | 59 | |
959 total
» units
| Acolyte | 7 | |
| Ghoul | 13 | |
| Frost Wyrm | 6 | |
26 total
» upgrades
| Creature Attack | 3 | |
| Creature Carapace | 3 | |
| Freezing Breath | 1 | |
7 total
» buildings
| Ziggurat | 13 | |
| Altar of Darkness | 1 | |
| Crypt | 1 | |
| Graveyard | 1 | |
| Halls of the Dead | 1 | |
| Sacrificial Pit | 1 | |
| Black Citadel | 1 | |
| Spirit Tower | 3 | |
| Nerubian Tower | 1 | |
| Boneyard | 3 | |
26 total
» build order
00:09 Ziggurat
00:15 Altar of Darkness
00:30 Crypt
01:01 Ziggurat
02:00 Ziggurat
02:04 Graveyard
03:19 Halls of the Dead
04:17 Ziggurat
06:25 Sacrificial Pit
07:50 Black Citadel
08:39 Spirit Tower
08:43 Ziggurat
08:55 Ziggurat
09:18 Nerubian Tower
10:41 Boneyard
10:48 Boneyard
10:51 Boneyard
18:13 Ziggurat
18:16 Ziggurat
18:18 Ziggurat
18:20 Ziggurat
18:35 Ziggurat
19:17 Ziggurat
19:19 Spirit Tower
19:21 Ziggurat
19:28 Spirit Tower
» items

»
dudab (
orange | 37 APM | 970 actions | 26:03)
4 Dark Ranger
1 Black Arrow
1 Life Drain
2 Silence
1 Lich
1 Frost Nova
1 Naga Sea Witch
1 Forked Lightning
1 Pit Lord
1 Rain of Fire
» actions
| Assign group hotkey | 2 | |
| Basic commands | 174 | |
| Build / train | 79 | |
| Enter build submenu | 18 | |
| Enter hero's abilities submenu | 7 | |
| Give item / drop item | 3 | |
| Remove unit from queue | 1 | |
| Right click | 325 | |
| Select / deselect | 311 | |
| Select group hotkey | 1 | |
| Use ability | 49 | |
970 total
» units
| Acolyte | 17 | |
| Ghoul | 6 | |
| Crypt Fiend | 11 | |
| Frost Wyrm | 7 | |
| Gargoyle | 3 | |
44 total
» upgrades
| Creature Attack | 3 | |
| Creature Carapace | 2 | |
| Burrow | 1 | |
| Web | 1 | |
7 total
» buildings
| Crypt | 1 | |
| Ziggurat | 8 | |
| Graveyard | 1 | |
| Altar of Darkness | 1 | |
| Nerubian Tower | 1 | |
| Necropolis | 1 | |
| Halls of the Dead | 1 | |
| Spirit Tower | 3 | |
| Tomb of Relics | 1 | |
| Sacrificial Pit | 1 | |
| Black Citadel | 1 | |
| Boneyard | 2 | |
22 total
» build order
00:14 Crypt
00:18 Ziggurat
00:45 Graveyard
01:07 Altar of Darkness
01:18 Ziggurat
02:05 Ziggurat
03:00 Nerubian Tower
05:25 Necropolis
07:03 Ziggurat
07:05 Ziggurat
07:06 Ziggurat
07:09 Ziggurat
07:48 Halls of the Dead
08:09 Spirit Tower
08:43 Ziggurat
08:44 Spirit Tower
08:53 Spirit Tower
09:08 Tomb of Relics
10:42 Sacrificial Pit
11:07 Black Citadel
13:30 Boneyard
13:33 Boneyard
» items
| Scroll of Town Portal | 5 | |
| Potion of Healing | 3 | |
| Orb of Corruption | 1 | |
9 total
OnitsukaTigers (
blue | 52 APM | 2117 actions | 40:52)
7 Archmage
3 Summon Water Elemental
3 Brilliance Aura
1 Mass Teleport
1 Death Knight
1 Unholy Aura
1 Dark Ranger
1 Silence
» actions
| Assign group hotkey | 137 | |
| Basic commands | 196 | |
| Build / train | 96 | |
| Enter build submenu | 49 | |
| Enter hero's abilities submenu | 9 | |
| Give item / drop item | 1 | |
| Remove unit from queue | 2 | |
| Right click | 807 | |
| Select / deselect | 448 | |
| Select group hotkey | 170 | |
| Use ability | 202 | |
2117 total
» units
| Peasant | 31 | |
| Footman | 6 | |
| Gryphon Rider | 12 | |
49 total
» upgrades
| Defend | 1 | |
| Masonry | 3 | |
| Lumber Harvesting | 2 | |
| Swords | 3 | |
| Armor | 4 | |
| Animal War Training | 1 | |
| Storm Hammers | 1 | |
| Magic Sentry | 1 | |
16 total
» buildings
| Altar of Kings | 1 | |
| Barracks | 1 | |
| Farm | 8 | |
| Keep | 1 | |
| Arcane Vault | 1 | |
| Lumber Mill | 2 | |
| Town Hall | 3 | |
| Scout Tower | 21 | |
| Guard Tower | 8 | |
| Castle | 1 | |
| Blacksmith | 2 | |
| Gryphon Aviary | 8 | |
| Arcane Sanctum | 1 | |
| Arcane Tower | 1 | |
| Spirit Tower | 1 | |
60 total
» build order
00:53 Altar of Kings
00:55 Barracks
01:05 Farm
01:08 Farm
01:09 Farm
02:22 Farm
03:19 Keep
03:33 Arcane Vault
03:55 Lumber Mill
05:13 Town Hall
05:15 Scout Tower
05:15 Scout Tower
05:16 Scout Tower
05:17 Scout Tower
05:20 Scout Tower
05:49 Guard Tower
07:01 Castle
07:04 Blacksmith
07:06 Blacksmith
07:48 Gryphon Aviary
07:52 Gryphon Aviary
07:52 Gryphon Aviary
07:52 Gryphon Aviary
08:28 Gryphon Aviary
09:08 Farm
10:49 Guard Tower
11:20 Scout Tower
11:23 Scout Tower
11:33 Lumber Mill
11:45 Farm
13:00 Guard Tower
14:45 Arcane Sanctum
14:47 Scout Tower
15:09 Scout Tower
15:13 Scout Tower
15:15 Scout Tower
15:16 Scout Tower
15:18 Scout Tower
15:19 Scout Tower
15:22 Arcane Tower
16:48 Guard Tower
17:57 Gryphon Aviary
17:58 Gryphon Aviary
18:01 Gryphon Aviary
18:52 Farm
18:53 Farm
26:12 Scout Tower
26:13 Scout Tower
26:14 Scout Tower
26:36 Scout Tower
26:37 Scout Tower
26:38 Scout Tower
26:39 Scout Tower
26:48 Spirit Tower
27:09 Guard Tower
27:11 Guard Tower
27:14 Guard Tower
28:20 Guard Tower
31:10 Town Hall
31:18 Town Hall
» items
| Scroll of Regeneration | 3 | |
| Scroll of Town Portal | 1 | |
| Potion of Healing | 1 | |
| Periapt of Vitality | 1 | |
| Potion of Lesser Invulnerability | 1 | |
7 total
SmUrF (
yellow | 16 APM | 355 actions | 21:52)
1 Lich
1 Frost Nova
» actions
| Basic commands | 65 | |
| Build / train | 69 | |
| Enter build submenu | 24 | |
| Enter hero's abilities submenu | 1 | |
| Right click | 1 | |
| Select / deselect | 160 | |
| Use ability | 35 | |
355 total
» units
| Acolyte | 13 | |
| Ghoul | 8 | |
| Meatwagon | 14 | |
| Necromancer | 14 | |
49 total
» upgrades
| Creature Attack | 1 | |
| Creature Carapace | 1 | |
| Unholy Strength | 3 | |
| Exhume Corpses | 1 | |
| Disease Cloud | 1 | |
| Unholy Armor | 1 | |
| Skeletal Longevity | 1 | |
| Necromancer Training | 1 | |
| Skeletal Mastery | 1 | |
11 total
» buildings
| Altar of Darkness | 1 | |
| Crypt | 2 | |
| Graveyard | 1 | |
| Ziggurat | 8 | |
| Nerubian Tower | 2 | |
| Halls of the Dead | 1 | |
| Necropolis | 1 | |
| Black Citadel | 1 | |
| Temple of the Damned | 2 | |
| Slaughterhouse | 2 | |
| Tomb of Relics | 1 | |
| Spirit Tower | 1 | |
23 total
» build order
01:00 Altar of Darkness
01:04 Crypt
01:09 Graveyard
01:13 Ziggurat
01:26 Crypt
01:42 Ziggurat
03:28 Nerubian Tower
03:31 Nerubian Tower
04:23 Halls of the Dead
04:59 Ziggurat
05:03 Ziggurat
06:30 Necropolis
06:55 Black Citadel
07:21 Temple of the Damned
07:26 Temple of the Damned
07:44 Slaughterhouse
07:58 Slaughterhouse
08:25 Ziggurat
08:39 Ziggurat
08:51 Ziggurat
10:11 Ziggurat
10:55 Tomb of Relics
16:28 Spirit Tower
Chat log
(00:18 / All) OnitsukaTigers: BABY'S GOT THE BENDS
(00:59 / All) SoIblot: had to order an album earlier today, felt weird as hell
(01:08 / All) SoIblot: No sites had it to torrent
(01:16 / All) scron2: album of what
(01:22 / All) SoIblot: Solblot: For Mig Finns Ingen Vag Fran Hemmets Dorr
(01:35 / All) UndurpantsGnome: oh that album
(01:42 / All) scron2: what the fuck is that
(01:46 / All) SoIblot: Swedish neofolk
(01:50 / All) OnitsukaTigers: Album of the year according to the rolling stones
(01:55 / All) scron2: so you are hipster?
(01:56 / All) OnitsukaTigers: or is it rolling stone?
(02:04 / All) SoIblot: Hipsters are too mainstream
(02:08 / All) SoIblot: I was one before it was cool
(02:11 / All) SoIblot: I don't like the label
(02:12 / All) UndurpantsGnome: haha so true
(02:18 / All) scron2: um hipsters are not mainstream
(02:22 / All) scron2: so they say
(02:24 / All) UndurpantsGnome: yeah they are
(02:31 / All) scron2: they like indie shit
(02:32 / All) SoIblot: They are mainstraem and pay the most attention to it
(02:33 / All) SoIblot: to avoid it
(02:38 / All) SoIblot: I just listen to both popular and obsure shit
(02:40 / All) SoIblot: anything I like
(02:48 / All) scron2: that sounds like textbook
(02:52 / All) scron2: hipster
(02:54 / All) scron2: to me
(02:55 / All) SoIblot: lawl
(02:58 / All) OnitsukaTigers: do you bros like yeasayer
(03:42 / Allies) SoIblot: 100 wood please
(03:44 / Allies) SoIblot: if you can
(03:47 / Allies) SoIblot: good sirs
(04:02 / Allies) SoIblot: ty
(05:08 / Allies) SoIblot: that is my camp
(05:10 / Allies) SoIblot: wtf
(05:31 / Allies) SoIblot: why you take my camp bro
(05:34 / Allies) SoIblot: that was a green camp
(05:50 / Allies) SoIblot: talk to me you ignorant faggot
(08:30 / All) SoIblot: silence after I have no mana
(08:32 / All) SoIblot: lol
(16:56 / Allies) mixell: gold plz
(17:10 / Allies) mixell: ty
(17:51 / Allies) Snake_Charmer: purp
(17:53 / Allies) Snake_Charmer: come with me
(18:41 / Allies) scron2: green mh
(18:47 / Allies) Snake_Charmer: go
(18:48 / Allies) SoIblot: how so?
(18:53 / Allies) Snake_Charmer: teal come
(18:58 / Allies) SoIblot: yep
(20:33 / All) OnitsukaTigers: orange is tking
(20:46 / All) dudab: would you kill
(20:52 / All) dudab: 7000 gold guy or not
(20:57 / All) UndurpantsGnome: blue has 7k gold
(21:03 / All) UndurpantsGnome: yellow is attacking with straight necs..
(21:04 / All) UndurpantsGnome: gg
(21:15 / All) UndurpantsGnome: and oj is tking
(21:20 / All) SoIblot: not over yet
(21:21 / All) SoIblot: stay
(21:21 / All) SoIblot: stay
(21:22 / All) SoIblot: Stay
(22:55 / Allies) Snake_Charmer: lol
(23:27 / All) SoIblot: Pink, you shouldn't have taken my green camp earlier
(23:43 / All) Snake_Charmer: nice job green
(25:17 / Allies) Snake_Charmer: ah teal wtf
(25:29 / Allies) SoIblot: They had a tker
(25:32 / Allies) SoIblot: It''s only fair
(25:38 / All) SoIblot: Red gave me control
(25:41 / All) SoIblot: after I started killing him
(25:43 / Allies) Snake_Charmer: well im done u guys can control me
(25:43 / All) SoIblot: I love this guy
(25:58 / All) SoIblot: wish you could unsummon with control
(28:10 / All) SoIblot: My team isn't even fighting back
(28:26 / All) SoIblot: They are literally helping me kill them
(28:45 / All) OnitsukaTigers: Dudab must be tked and lose every game we ever meet him
(29:02 / All) OnitsukaTigers: He can't hack solo so he has to pretend he's good on 4v4
(29:09 / All) SoIblot: CLOUD WORKS ON ALLIES
(29:11 / All) SoIblot: HAHAHAHAHHA
(29:12 / All) SoIblot: YES
(29:13 / All) SoIblot: YES
(29:13 / All) SoIblot: YES
(29:17 / All) SoIblot: WHAT YOU SAID ON MSN WAS RIGHT|
(29:28 / All) SoIblot: I AM SO MINDFUCKED RIGHT NOW
(29:30 / All) SoIblot: WOOOOOOOOO
(29:33 / All) SoIblot: CLOUD WORKS ON ALLIES WOO
(30:29 / All) scron2: teal dk
(30:31 / All) scron2: tker
(30:33 / All) scron2: fuck you
(30:36 / All) OnitsukaTigers: you don't say
(30:38 / All) SoIblot: lol
(31:45 / All) OnitsukaTigers: I've never seen such whiny faggots
(31:52 / All) OnitsukaTigers: You have 5k!!! Egads!
(32:03 / All) OnitsukaTigers: none of them were hurting for gold and each had expos lol
(32:04 / All) SoIblot: Imagine how different some of our stabs could be
(32:07 / All) SoIblot: if we had known about this cloud
(32:12 / All) OnitsukaTigers: yeah
(32:25 / All) OnitsukaTigers: This game was basically even
(32:38 / All) OnitsukaTigers: and he starts tking because I won't share gold because I had more at the time from banking at 50
(32:43 / All) OnitsukaTigers: what a fucking douchebag
(32:47 / All) SoIblot: I think invisiharass is still viable in stabs as long as you can judge that your team is weaker. It can even stuff out quickly
(32:49 / All) SoIblot: and easily
(32:56 / All) OnitsukaTigers: I should have let you keep harassing him
(32:59 / All) SoIblot: People always whine about gold count, they don't understand that hoarding is a part of WC3
(33:09 / All) SoIblot: infi even does it in pro games in tournies
(33:15 / All) OnitsukaTigers: you could have taken orange mostly out
(33:18 / All) SoIblot: mass towers and and mass gold before he makes anything
(33:18 / All) SoIblot: yeah
(33:28 / All) OnitsukaTigers: and he's the one that tks me lawl
(33:36 / All) OnitsukaTigers: I didn't realize he was even in my base
(33:42 / All) OnitsukaTigers: killing every tower
(33:48 / All) SoIblot: I liked when he silenced me when I had no mana left, that was funny
(33:57 / All) OnitsukaTigers: and I had like 6 griffs
(34:16 / All) OnitsukaTigers: It was imperative you came at that moment tho
(34:27 / All) SoIblot: I wasn't sure I would make it to your base in time
(34:31 / All) SoIblot: and I had basically no units
(34:43 / All) OnitsukaTigers: There was little time left
(34:52 / All) OnitsukaTigers: thankfully he didn't have green at the time too
(35:11 / All) SoIblot: It's kind of funny we complain about tkers when it's all we do on ladder
(35:19 / All) OnitsukaTigers: Well we do it for fun
(35:23 / All) SoIblot: yeah
(35:24 / All) OnitsukaTigers: They do it because they're whiny babies
(35:28 / All) SoIblot: they are serious about their records
(35:39 / All) OnitsukaTigers: he is probably ranked sub 50% 4v4 tryhard
(35:45 / All) OnitsukaTigers: has to have everyone play his way but can'
(35:48 / All) OnitsukaTigers: t hack it in solo
(35:55 / All) OnitsukaTigers: he tried to tk because he is a bitch
(35:57 / All) SoIblot: Does my team get the loss or yours?
(36:00 / All) SoIblot: Red is afk
(36:16 / All) OnitsukaTigers: I'm whispering orange
(36:22 / All) OnitsukaTigers: telling him we're deciding his fate
(36:25 / All) SoIblot: Is he saying anything? If so screenshot it and link me it
(36:46 / All) OnitsukaTigers: Is your teeam all gone?
(36:49 / All) OnitsukaTigers: if so my team should lose
(36:51 / All) SoIblot: Red is afk but otherwise yes
(36:56 / All) OnitsukaTigers: stats red
(37:08 / All) SoIblot: He is 50-60
(37:35 / All) SoIblot: Pink is 166-183
(37:39 / All) SoIblot: Purple is 22-19
(38:59 / All) OnitsukaTigers: none complained about me ninjaing the mask tho
(39:12 / All) SoIblot: So many UD this game, you should have gone for an invisiharass hero too
(39:16 / All) SoIblot: and see whose team gets weaker
(39:19 / All) SoIblot: like a contest
(40:50 / All) OnitsukaTigers: Okay we'll just let my team lose
(40:52 / All) SoIblot: kk